 Dungeon Crawl Stone Soup version 0.30-b1-2-g02819fbbbe (webtiles) character file.

Game seed: 8566578705124495091

11 Alarkh the Charlatan (level 2, 22/22 HPs)
             Began as a Demonspawn Artificer on Nov 24, 2023.
             Got out of the dungeon alive.
             The game lasted 00:00:23 (456 turns).

Alarkh the Charlatan (Demonspawn Artificer)          Turns: 456, Time: 00:00:24

Health: 22/22      AC:  5    Str: 12    XL:     2   Next: 13%
Magic:  2/2        EV: 11    Int: 12    God:
Gold:   36         SH:  0    Dex: 13    Spells: 1/1 levels left

rFire   . . .        a - +0 club
rCold   . . .        (no shield)
rNeg    . . .        b - +0 leather armour
rPois   .            (no helmet)
rElec   .            (no cloak)
rCorr   .            (no gloves)
SInv    .            (no boots)
Will    .....        (no amulet)
Stlth   +            (no ring)
HPRegen 0.23/turn    (no ring)
MPRegen 0.08/turn

%: no passive effects
@: no status effects
A: slimy green scales 1
a: no special abilities


You escaped.
You visited 1 branch of the dungeon, and saw 1 of its levels.

You collected 36 gold pieces.

Inventory:

Hand Weapons
 a - a +0 club (weapon)
Armour
 b - a +0 leather armour (worn)
Wands
 c - a wand of flame (9) (quivered)
 d - a wand of charming (15)
 e - a wand of iceblast (5)
Scrolls
 g - a scroll of fear {unknown}
Potions
 f - a potion of lignification {unknown}


   Skills:
 + Level 2.2 Fighting
 - Level 1.7 Armour
 - Level 0.8 Dodging
 - Level 0.8 Stealth
 - Level 3.0 Evocations


You had one spell level left.
You didn't know any spells.
Your spell library was empty.

Dungeon Overview and Level Annotations

Branches:
Dungeon (1/15)

Altars:


Innate Abilities, Weirdness & Mutations

You are partially covered in slimy green scales. (AC +2)


Message History

The jackal bites you but does no damage.
The jackal misses you. The jackal closely misses you.
The jackal attacks as you move away! The jackal barely misses you.
The jackal attacks as you move away! The jackal bites you.
The jackal closely misses you. The jackal attacks as you move away!
The jackal closely misses you. The jackal attacks as you move away!
The jackal misses you. The jackal closely misses you.
The jackal bites you but does no damage.
The jackal misses you. The jackal attacks as you move away!
The jackal bites you.
Aiming: Throw Flame
Press: ? - help, Shift-Dir - straight line, f - jackal
Aim: a jackal (64% to hit)
The puff of flame hits the jackal!
You kill the jackal!
Your Fighting skill increases to level 2!
Aiming: Throw Flame
Press: ? - help, Shift-Dir - straight line, f - jackal
Aim: a jackal (64% to hit)
The puff of flame hits the jackal.
You kill the jackal!
You have reached level 2!
Your demonic ancestry asserts itself...
Slimy green scales grow over part of your body.
Aiming: Throw Flame
Press: ? - help, Shift-Dir - straight line, f - jackal
Aim: a jackal (64% to hit)
The puff of flame hits the jackal!
You kill the jackal!
Aiming: Throw Flame
Press: ? - help, Shift-Dir - straight line, f - jackal
Aim: a jackal (64% to hit)
The puff of flame hits the jackal.
You kill the jackal!
You see here a +0 robe.
You see here a frilled lizard skeleton.
There is a staircase leading out of the dungeon here.
Are you sure you want to leave the Dungeon?
This will make you lose the game!
You have escaped!

.... ..... . ....##########
#.... .###........... #...
............####### ##..#
..##.. #........... ....#
......##.##.####### ##..##
#........##.#..
##....#####....@.##.#.#
#...#.#>#####...(##.#.#
##.........#####..#....#
รท..##........####.#..###
#...#.##......#...#..#
..#.#.####........#..#
###.#...####....#.#..#
....#...>#.####'#.#..#####.#
#####.........#...#........#


There were no monsters in sight!

Vanquished Creatures
  2 hobgoblins (D:1)
  4 jackals (D:1)
  A bat (D:1)
  3 frilled lizards (D:1)
10 creatures vanquished.

Notes
Turn   | Place    | Note
-------+----------+-------------------------------------------
     0 | D:1      | Alarkh the Demonspawn Artificer began the quest for the
                  | Orb.
     0 | D:1      | Reached XP level 1. HP: 15/15 MP: 1/1
   383 | D:1      | Gained mutation: You are partially covered in slimy green
                  | scales. (AC +2) [demonic ancestry]
   383 | D:1      | Reached XP level 2. HP: 15/22 MP: 2/2
   456 | D:$      | Got out of the dungeon alive.

Illustrated notes

Levels and vault maps discovered:
D:1:      dpeg_arrival_long_road, layout_basic,
          shapermc_ecumenical_altar_acropolis, supply_closet_lemuel,
          st_stairs_7, kennysheep_crisscross, minmay_misc_feat_alley,
          nrook_mini_backslash

Skill      XL: |  1 |
---------------+----+-----
Fighting       | 2 |  2.2
Armour         | |  1.7
Dodging        | |  0.8
Stealth        | |  0.8
Evocations     | |  3.0

Action                     || total
---------------------------++-------
  Melee: Club              ||    27
  Evoke: Wand              ||     6
 Armour: Leather armour    ||    12
  Dodge: Dodged            ||    33
